 Dungeon Crawl Stone Soup version 0.10.4 character file.

52 Conn the Firebug (level 2, 0/17 HPs)
             Began as an Octopode Fire Elementalist on July 11, 2021.
             Slain by a kobold
             ... wielding a +1,+2 short sword of freezing
              (1 damage)
             ... on Level 1 of the Dungeon.
             The game lasted 00:03:27 (259 turns).

Conn the Firebug (Octopode Fire Elementalist)        Turns: 259, Time: 00:03:27

HP   0/17        AC  1     Str  7      XL: 2   Next: 20%
MP   0/4         EV 12     Int 17      God:
Gold 42          SH  0     Dex 12      Spells:  2 memorised,  0 levels left

Res.Fire  : . . .   See Invis. : .   (no weapon)
Res.Cold  : + . .   Warding    : . . (no shield)
Life Prot.: . . .   Conserve   : .   (helmet restricted)
Res.Acid. : . . .   Res.Corr.  : .   (no amulet)
Res.Poison: .       Clarity    : .   d - ring of protection from cold {unknown}
Res.Elec. : .       Spirit.Shd : .   (no ring)
Sust.Abil.: . .     Stasis     : .   (no ring)
Res.Mut.  : .       Ctrl.Telep.: .   (no ring)
Res.Rott. : .       Levitation : .   (no ring)
Saprovore : . . .   Ctrl.Flight: .   (no ring)
                                     (no ring)
                                     (no ring)

@: not resistant to hostile enchantments, quite stealthy
A: almost no armour, amphibious, constrict 8, camouflage 1, tentacles 3, AC +1
a: no special abilities


You were on level 1 of the Dungeon.
You were not hungry.

You visited 1 branch of the dungeon, and saw 1 of its levels.

You collected 22 gold pieces.

Inventory:

Missiles
 f - 18 +0 sling bullets
 g - 17 poisoned +0 needles
Comestibles
 c - a bread ration
Scrolls
 a - a scroll of enchant weapon I {unknown}
 e - a scroll of random uselessness {unknown}
Jewellery
 d - a ring of protection from cold (on tentacle) {unknown}
Books
 b - a book of Flames

   Spells                             Type                      Level
   *Flame Tongue                      Conjuration/Fire             1
   *Throw Flame                       Conjuration/Fire             2
   Conjure Flame                      Conjuration/Fire             3
   Inner Flame                        Hexes/Fire                   3
   Sticky Flame                       Conjuration/Fire             4
   Fireball                           Conjuration/Fire             5


   Skills:
 + Level 2.1 Dodging
 + Level 3.0 Stealth
 + Level 1.0 Spellcasting
 + Level 1.0 Conjurations
 + Level 3.4 Fire Magic


You couldn't memorise any spells.
You knew the following spells:

 Your Spells              Type           Power        Failure   Level  Hunger
a - Flame Tongue          Fire/Conj      ##....       10%         1    Strawberry
b - Throw Flame           Fire/Conj      ##.....      14%         2    Choko

Dungeon Overview and Level Annotations

Branches:
Dungeon (1/27)

Altars:


Innate Abilities, Weirdness & Mutations

You cannot wear most types of armour.
You can wear up to eight rings at the same time.
You are amphibious.
You can use your tentacles to constrict many enemies at once.
Your rubbery body absorbs attacks (AC +1).
Your skin changes colour to match your surroundings (Stlth).
You have a mass of large tentacles instead of arms.


Message History

You kill the giant cockroach!
Your Stealth skill increases to level 3!
Casting: Flame Tongue
Confirm with . or Enter, or press ? or * to list all spells.
Aiming: Flame Tongue
Press: ? - help, Shift-Dir - straight line, f/p - kobold
Aim: a kobold, wielding a runed short sword The flame misses the kobold.
The kobold barely misses you.
You closely miss the kobold.
The kobold hits you with a runed short sword.
You closely miss the kobold. The kobold closely misses you.
You hit the kobold. Your squeeze misses the kobold.
The kobold is moderately wounded.
The kobold hits you with a runed short sword.
You hit the kobold but do no damage. Your squeeze misses the kobold.
The kobold is moderately wounded.
The kobold hits you with a runed short sword!
* * * LOW HITPOINT WARNING * * *
The kobold freezes you.
You die...

...# #............ ...
########.##### . #.# #.#
#.. ################
................
.........%(......
#........@K# #......((..#
########.### #.# #%# #.#
###############>#########
..........^..............
###############.#########


You could see a kobold.

Vanquished Creatures
  2 goblins (D:1)
  2 giant cockroaches (D:1)
  A giant newt (D:1)
  3 kobolds (D:1)
  4 rats (D:1)
12 creatures vanquished.

Notes
Turn   | Place    | Note
--------------------------------------------------------------
     0 | D:1      | Conn, the Octopode Fire Elementalist, began the quest for the Orb.
     0 | D:1      | Reached XP level 1. HP: 11/11 MP: 3/3
   210 | D:1      | Reached XP level 2. HP: 15/17 MP: 4/4
   215 | D:1      | Learned a level 2 spell: Throw Flame
   259 | D:1      | Slain by a kobold
